 Dungeon Crawl Stone Soup version 0.14-a0-1097-gc7db7fc (webtiles) character file.

1545 PolkaDot the Grappler (level 8, -2/72 HPs)
             Began as a Troll Death Knight on Nov 26, 2013.
             Was an Elder of Yredelemnul.
             Killed by divine providence
             ... invoked by an orc priest
              (11 damage)
             ... on Level 6 of the Dungeon.
             The game lasted 00:13:18 (4345 turns).

PolkaDot the Grappler (Troll Death Knight)          Turns: 4345, Time: 00:13:19

HP  -2/72        AC  6     Str 22      XL: 8   Next: 35%
MP   7/7         EV 18     Int  7      God: Yredelemnul [****..]
Gold 204         SH  0     Dex 16      Spells:  0 memorised,  7 levels left

rFire  . . .     SeeInvis .       - Unarmed
rCold  . . .     Clarity  .     b - +0 robe
rNeg   + . .     Conserve .     (shield restricted)
rPois  .         rCorr    .     (helmet restricted)
rElec  .         rRot     .     H - +0 cloak
SustAb . .       Spirit   .     (gloves unavailable)
rMut   .         Warding  .     (boots unavailable)
Gourm  +         Stasis   .     (no amulet)
                                p - ring of positive energy {unknown}
                                v - ring of protection from magic {unknown}

@: invisible, agile, very slightly contaminated, quite resistant to hostile
enchantments, stealthy
A: unfitting armour, claws 3, fast metabolism 3, gourmand, regeneration 2,
saprovore 2, shaggy fur 1, tough skin 2
a: Animate Dead, Recall Undead Slaves, Injury Mirror, Drain Life, Renounce
Religion


You were on level 6 of the Dungeon.
You worshipped Yredelemnul.
Yredelemnul was greatly pleased with you.
You were hungry.

You visited 1 branch of the dungeon, and saw 6 of its levels.
You also visited: Ossuary.

You collected 204 gold pieces.

Inventory:

Armour
 b - a +0 robe (worn)
 H - a +0 cloak (worn)
Comestibles
 a - 6 meat rations
 d - 2 bread rations
 j - a choko
 u - an orange
 I - a pear
Scrolls
 c - 3 scrolls of enchant weapon II {unknown}
 f - 3 scrolls of fear {unknown}
 h - a scroll of noise {unknown}
 i - 3 scrolls of enchant armour {unknown}
 l - 5 scrolls of remove curse
 o - 2 scrolls of enchant weapon I {unknown}
 q - 3 scrolls of amnesia {unknown}
 w - 3 scrolls of teleportation {unknown}
 x - 2 scrolls of curse armour {unknown}
 y - 3 scrolls of curse jewellery {unknown}
 A - a scroll of curse weapon {unknown}
 G - a scroll of recharging {unknown}
Jewellery
 m - an uncursed ring of see invisible
 p - a ring of positive energy (right claw) {unknown}
 v - a ring of protection from magic (left claw) {unknown}
Potions
 e - 2 potions of mutation
 g - 4 potions of brilliance
 k - a potion of flight
 n - 5 potions of curing
 r - 3 potions of heal wounds
 s - 2 potions of poison
 t - a potion of magic
 z - 2 potions of speed
 B - 2 potions of invisibility
 E - a potion of cure mutation {unknown}
 F - 2 potions of restore abilities {unknown}


   Skills:
 - Level 1.5 Fighting
 + Level 5.1 Dodging
 * Level 8.5 Unarmed Combat
 - Level 2.4 Invocations


You had 7 spell levels left.
You didn't know any spells.

Dungeon Overview and Level Annotations

Branches:
Dungeon (6/16)             Temple (0/1) D:5

Altars:
Nemelex Xobeh
Okawaru
Zin


Innate Abilities, Weirdness & Mutations

You are too large for most types of armour.
You have claws for hands.
Your metabolism is lightning-fast.
You like to eat raw meat.
You heal very quickly.
You can eat rotten meat.
You are covered in fur (AC +1).
You have very tough skin (AC +2).


Message History

The orc priest picks up an orcish dagger.
The orc priest wields an orcish dagger.
Drink which item? (? for menu, Esc to quit)
You feel more agile all of a sudden.
You claw the orc warrior!
The orc warrior begins to bleed from its wounds!
Your punch misses the orc warrior.
The orc warrior is severely wounded.
The orc warrior barely misses you.
You barely miss the orc warrior. Your punch misses the orc warrior.
The orc warrior is severely wounded.
The orc warrior hits you with an orcish glaive!
* * * LOW HITPOINT WARNING * * *
You catch the helpless orc warrior completely off-guard!
You claw the orc warrior! Your punch misses the orc warrior.
The orc warrior is almost dead.
The orc priest calls down the wrath of Beogh upon you.
Something smites you!
You die...
Your body rises from the dead as a mindless zombie.

#..#.# . #..#.# ..#
#..#o##..### #
#..#o##...... #
#..#o##....... . #
#..#.##......( ..##
#.o..##........ ....
#...)##......... #.
#.#.oo@(........# . #.
#.#.%...........##..##.
#.#.(##.........##..##.
#.#()##.........##..##.
#.#..##.........##..##.
#.#..##..######.##..##.
#.#..##..# #.##..##.
.#..##..# #.##..##.
#..##..# #.##.....


You could see an orc warrior (bleeding), an orc priest and an orc.

Vanquished Creatures
  2 phantoms
  An ice beast (D:5)
  An orc warrior (D:6)
  An ogre (D:6)
  A hippogriff skeleton (D:6)
  A goliath beetle (D:6)
  2 crimson imps (D:5)
  4 hounds
  A human zombie (D:5)
  A jelly (D:5)
  2 worker ants (D:5)
  13 mummies (Ossuary)
  6 adders
  A worm zombie (D:5)
  2 giant mites (D:6)
  2 worms
  2 giant geckos
  An ooze (D:3)
  11 orcs
  A ball python (D:1)
  6 giant cockroaches
  10 goblins
  7 hobgoblins
  10 jackals
  2 quokkas
  11 bats
  3 giant newts
  3 gnoll skeletons (Ossuary)
  2 goblin skeletons (Ossuary)
  A goblin zombie (D:5)
  A jackal zombie (D:5)
  12 kobolds
  2 kobold skeletons (Ossuary)
  An orc skeleton (Ossuary)
  10 rats
  11 rat skeletons (Ossuary)
  A butterfly (D:4)
149 creatures vanquished.

Vanquished Creatures (collateral kills)
  The ghost of Numot the Shield-Bearer, an experienced DsFi (D:6)
  An orc wizard (D:5)
  3 orcs (D:6)
5 creatures vanquished.

Vanquished Creatures (others)
  4 flying skulls (D:6)
  A goliath beetle zombie (D:6)
  A giant mite zombie (D:6)
6 creatures vanquished.

Grand Total: 160 creatures vanquished

Notes
Turn   | Place    | Note
--------------------------------------------------------------
     0 | D:1      | PolkaDot, the Troll Death Knight, began the quest for the Orb.
     0 | D:1      | Reached XP level 1. HP: 20/20 MP: 2/2
    51 | D:1      | Found an iron altar of Okawaru.
   115 | D:1      | Reached XP level 2. HP: 28/28 MP: 2/2
   299 | D:1      | Reached XP level 3. HP: 33/35 MP: 4/4
   358 | D:1      | Reached skill level 3 in Unarmed Combat
   378 | D:1      | Acquired Yredelemnul's second power
   632 | D:2      | Found a glowing silver altar of Zin.
  1333 | D:3      | Reached XP level 4. HP: 42/42 MP: 4/4
  1587 | D:3      | Reached skill level 4 in Unarmed Combat
  1763 | D:3      | Acquired Yredelemnul's third power
  2176 | D:4      | Found a sparkling altar of Nemelex Xobeh.
  2322 | D:4      | Noticed a phantom
  2348 | D:4      | Killed a phantom
  2348 | D:4      | Reached XP level 5. HP: 40/49 MP: 5/5
  2390 | D:4      | Reached skill level 5 in Unarmed Combat
  2412 | D:4      | Found a sparkling altar of Nemelex Xobeh.
  2439 | D:4      | Reached XP level 6. HP: 55/58 MP: 6/6
  2846 | D:5      | Entered Level 5 of the Dungeon
  2854 | D:5      | Received a gift from Yredelemnul
  3115 | D:5      | Found a sand-covered staircase.
  3165 | Ossuary  | Entered an ossuary
  3215 | Ossuary  | Reached skill level 6 in Unarmed Combat
  3383 | Ossuary  | Reached XP level 7. HP: 61/65 MP: 6/6
  3674 | D:5      | Found a staircase to the Ecumenical Temple.
  3709 | D:5      | Reached skill level 7 in Unarmed Combat
  4078 | D:5      | Reached XP level 8. HP: 27/72 MP: 7/7
  4219 | D:6      | Acquired Yredelemnul's fourth power
  4302 | D:6      | Noticed Numot's ghost (experienced DsFi)
  4320 | D:6      | Reached skill level 8 in Unarmed Combat
  4323 | D:6      | Killed Numot's ghost
  4323 | D:6      | Reached skill level 5 in Dodging
  4345 | D:6      | Killed from afar by an orc priest

Action                   |  1- 3 |  4- 6 |  7- 9 || total
-------------------------+-------+-------+-------++-------
Melee: Unarmed           |    93 |   220 |   148 ||   461
Invok: Animate Dead      |       |     4 |     2 ||     6
       Recall Undead Sla |       |       |     1 ||     1
  Use: Scroll            |       |     6 |     4 ||    10
       Potion            |       |       |     5 ||     5
 Stab: Distracted        |       |     1 |       ||     1
       Sleeping          |       |       |     1 ||     1
       Invisible         |       |       |     1 ||     1
